Map: Bridgehead LE (Void)

Players

Bones

  • Race: Protoss Protoss
  • League: Master

qxc - Winner!

  • Race: Terran Terran
  • League: Master

Event: ASL Season 5 Prime League LOTV Beta

VOD

Have the link to the VOD?

Description

Time

  • Played on: Sept. 3, 2015, 9:32 p.m.
  • Length: 15:17

All games in this series

Show
View Real Time Build Order
Export as new Build Order

Bones Protoss 

Build Orders:  

Get SALT Encoding   

  12  0:00  Probe (Chrono Boost)  
  13  0:11  Probe (Chrono Boost)  
  14  0:20  Pylon  
  14  0:22  Probe (Chrono Boost)  
  15  0:38  Probe (Chrono Boost)  
  15  0:39  Gateway  
  16  0:48  Probe (Chrono Boost)  
  17  0:50  Assimilator  
  17  0:55  Assimilator  
  17  0:58  Probe (Chrono Boost)  
  18  1:08  Probe (Chrono Boost)  
  18  1:10  Pylon  
  19  1:18  Probe (Chrono Boost)  
  20  1:29  Probe (Chrono Boost)  
  20  1:31  Zealot  
  23  1:32  Cybernetics Core  
  23  1:39  Probe (Chrono Boost)  
  24  1:49  Probe (Chrono Boost)  
  25  2:02  Probe (Chrono Boost)  
  26  2:13  Adept (Chrono Boost)  
  28  2:15  Warp Gate  
  28  2:21  Nexus  
  28  2:29  Pylon  
  28  2:32  Mothership Core (Chrono Boost)  
  30  2:47  Adept  
  30  2:51  Probe (Chrono Boost)  
  33  3:01  Probe (Chrono Boost)  
  34  3:11  Probe (Chrono Boost)  
  35  3:14  Robotics Facility  
  35  3:15  Pylon  
  35  3:20  Adept  
  35  3:21  Probe (Chrono Boost)  
  38  3:31  Probe (Chrono Boost)  
  39  3:34  Probe (Chrono Boost)  
  40  3:41  Probe (Chrono Boost)  
  40  3:45  Assimilator  
  41  3:50  Sentry  
  41  3:51  Probe x2 (Chrono Boost)  
  45  4:01  Probe (Chrono Boost), Observer (Chrono Boost)  
  45  4:02  Probe (Chrono Boost)  
  48  4:06  Robotics Bay  
  48  4:10  Probe  
  49  4:20  Probe  
  49  4:22  Probe  
  49  4:24  Warp Prism (Chrono Boost)  
  49  4:30  Probe, Forge  
  51  4:34  Probe  
  53  4:40  Probe  
  54  4:46  Probe  
  54  4:50  Probe  
  56  4:53  Assimilator  
  56  4:54  Disruptor (Chrono Boost)  
  56  4:55  Gravitic Drive  
  56  4:58  Adept, Pylon  
  61  5:03  Protoss Ground Weapons Level 1  
  61  5:11  Probe  
  61  5:13  Probe  
  55  5:16  Photon Cannon  
  55  5:20  Photon Cannon  
  55  5:24  Twilight Council  
  55  5:27  Probe  
  55  5:29  Probe  
  55  5:32  Disruptor (Chrono Boost)  
  60  5:39  Probe  
  60  5:41  Probe  
  62  5:47  Pylon  
  62  5:54  Probe, Gateway  
  62  5:56  Probe, Gateway  
  63  6:42  Adept  
  63  6:43  Immortal (Chrono Boost)  
  63  6:44  Shield Upgrade  
  63  6:45  Probe  
  70  6:47  Probe  
  70  6:51  Forge  
  70  6:52  Pylon  
  71  6:57  Pylon  
  71  7:03  Nexus  
  71  7:05  Adept x3, Pylon x2  
  77  7:11  Protoss Ground Weapons Level 2 (Chrono Boost)  
  77  7:13  Templar Archives  
  77  7:15  Protoss Ground Armor Level 1 (Chrono Boost)  
  77  7:18  Pylon  
  77  7:27  Probe  
  77  7:28  Probe  
  79  7:37  Photon Cannon  
  78  7:39  Probe  
  79  7:50  Psionic Storm  
  79  7:51  High Templar x3  
  85  8:04  Probe  
  85  8:05  Probe  
  87  8:08  Blink  
  87  8:09  Photon Cannon  
  87  8:17  Probe x2  
  89  8:26  Probe  
  90  8:28  Immortal (Chrono Boost)  
  90  8:29  Probe x2  
  90  8:33  Stalker x2  
  98  8:38  Probe  
  98  8:41  Probe x2  
  97  8:50  Probe  
  97  8:53  Probe x2  
  100  9:02  Probe  
  101  9:05  Probe x2  
  101  9:07  Immortal (Chrono Boost)  
  107  9:11  High Templar  
  107  9:14  Probe, Assimilator  
  107  9:15  Assimilator  
  110  9:17  Probe x2  
  110  9:21  Stalker x2  
  116  9:26  Gateway  
  116  9:27  Gateway  
  116  9:31  Gateway  
  116  9:32  Pylon  
  110  9:46  Disruptor (Chrono Boost)  
  110  9:50  Adept x3  
  119  10:11  Adept x3  
  124  10:16  Observer (Chrono Boost)  
  125  10:23  Gateway x3  
  117  10:41  Pylon  
  115  10:42  Pylon  
  115  10:44  Pylon  
  115  10:46  Pylon  
  115  10:48  Pylon  
  115  10:52  Nexus  
  115  10:56  Pylon  
  115  10:59  Warp Prism (Chrono Boost)  
  117  11:07  Adept x4  
  123  11:32  Photon Cannon  
  123  11:33  Photon Cannon  
  123  11:43  Pylon  
  119  11:47  Stalker x7  
  85  12:25  High Templar x6  
  85  12:27  Stalker  
  85  12:29  Archon x3  
  94  12:58  High Templar x4  
  97  12:59  Adept x3  
  97  13:01  Observer (Chrono Boost), Archon  
  108  13:08  Pylon  
  108  13:09  Pylon  
  108  13:10  Gateway, Pylon  
  108  13:13  Gateway  
  108  13:15  Pylon  
  108  13:16  Pylon  
  104  13:22  High Templar x3  
  102  13:35  High Templar  
  104  13:41  Adept x3  
  110  13:49  Photon Cannon  
  92  13:57  High Templar  
  92  13:59  Zealot x2  
  98  14:07  Adept x2  
  102  14:16  Observer (Chrono Boost)  
  100  14:28  Adept  
  100  14:29  Adept x5  
  100  14:30  Adept  
  110  14:39  Nexus  
  76  14:53  Adept x4  
  76  14:54  Adept  
  71  15:01  Archon  
Show
View Real Time Build Order
Export as new Build Order

qxc Terran - Winner!

Build Orders: 1/1/1, MMM Bio, Widow Mine Drop 

Get SALT Encoding   

  12  0:00  SCV  
  13  0:12  SCV  
  14  0:18  Supply Depot  
  14  0:25  SCV  
  15  0:29  Refinery  
  15  0:39  SCV  
  16  0:44  Barracks  
  16  0:51  SCV  
  17  1:03  SCV  
  18  1:15  SCV  
  19  1:31  Orbital Command  
  19  1:32  Marine  
  20  1:33  Factory  
  20  1:40  Supply Depot  
  20  1:49  Marine  
  21  1:57  SCV  
  22  2:07  Marine  
  23  2:11  SCV  
  23  2:15  Widow Mine  
  24  2:17  Starport  
  24  2:22  Supply Depot  
  26  2:23  SCV  
  26  2:25  Marine  
  28  2:35  SCV  
  29  2:43  Marine  
  30  2:45  Hellion  
  30  2:47  SCV  
  33  2:53  Medivac  
  35  2:59  SCV  
  35  3:01  Marine  
  35  3:05  Widow Mine  
  36  3:09  Supply Depot  
  38  3:15  Command Center  
  38  3:16  SCV  
  39  3:31  SCV, Marine  
  41  3:36  Viking  
  41  3:38  Widow Mine  
  45  3:42  Supply Depot  
  45  3:43  SCV  
  45  3:46  Refinery  
  46  3:48  Marine  
  47  4:03  SCV  
  47  4:05  Barracks  
  48  4:10  Factory Tech Lab  
  48  4:16  SCV  
  47  4:27  Barracks Reactor  
  47  4:28  SCV  
  47  4:29  Orbital Command  
  48  4:40  SCV  
  48  4:43  Command Center, Cyclone  
  52  4:52  SCV, Barracks Tech Lab  
  53  4:58  Mag-Field Accelerator  
  53  5:01  SCV  
  53  5:04  SCV, Refinery  
  55  5:08  Marine x2  
  55  5:13  SCV  
  56  5:16  SCV  
  55  5:24  Marine  
  55  5:25  SCV, Stimpack  
  55  5:26  Marine x2  
  59  5:28  SCV  
  60  5:36  Engineering Bay  
  60  5:37  SCV  
  60  5:41  SCV  
  62  5:44  Barracks  
  62  5:45  Cyclone  
  62  5:46  Barracks  
  62  5:48  Barracks  
  62  5:49  SCV  
  66  5:53  SCV  
  67  6:01  SCV  
  68  6:05  SCV  
  69  6:13  SCV  
  69  6:16  Marauder, Marine x2  
  69  6:17  SCV, Cyclone  
  78  6:19  Refinery  
  78  6:25  SCV  
  78  6:27  Starport Reactor  
  78  6:29  SCV  
  80  6:37  Terran Infantry Weapons Level 1  
  80  6:38  SCV  
  80  6:39  Marine x2  
  80  6:40  Barracks Tech Lab  
  80  6:41  SCV  
  80  6:42  Barracks Tech Lab  
  82  6:49  Orbital Command  
  82  6:50  SCV  
  82  6:51  Marauder  
  82  6:53  Barracks Reactor  
  85  6:55  Supply Depot  
  85  6:56  Supply Depot  
  85  6:57  Supply Depot  
  85  6:58  Supply Depot  
  85  7:11  Bunker  
  85  7:13  SCV x2, Medivac  
  85  7:14  Marauder x2  
  93  7:16  Combat Shields, Marine x2  
  93  7:18  SCV  
  93  7:20  Bunker  
  93  7:22  Supply Depot  
  96  7:25  SCV x2  
  96  7:27  Marauder  
  100  7:30  Missile Turret  
  100  7:32  Command Center  
  100  7:34  Marine x2  
  100  7:35  Marauder  
  103  7:39  SCV  
  103  7:40  Medivac  
  103  7:43  Marauder, Marine x2  
  108  7:48  Marauder  
  113  7:54  SCV, Marine x2  
  113  7:55  Refinery  
  113  7:56  Marauder  
  114  8:03  SCV, Medivac  
  114  8:04  Marauder  
  119  8:05  Marine  
  119  8:06  Marine  
  119  8:10  Marauder  
  119  8:11  Missile Turret  
  123  8:13  SCV, Missile Turret, Supply Depot  
  123  8:15  Missile Turret  
  123  8:16  SCV  
  123  8:18  Refinery, Marauder  
  123  8:19  Armory, Engineering Bay  
  127  8:21  Marine x2  
  127  8:25  SCV  
  127  8:26  Marauder  
  133  8:35  SCV, Marauder  
  134  8:42  Marauder, Marine x2, Medivac x2  
  134  8:43  SCV  
  134  8:44  SCV  
  134  8:45  Factory Reactor  
  134  8:47  Marauder  
  140  8:48  SCV  
  140  8:49  Supply Depot x2  
  140  8:50  Supply Depot  
  140  8:53  Marine x2  
  143  8:57  Marauder  
  143  9:00  Marine x2  
  147  9:04  Terran Infantry Armor Level 1, Marauder  
  147  9:06  Supply Depot  
  147  9:09  Marauder  
  151  9:10  Marine  
  151  9:11  Marine  
  151  9:12  Planetary Fortress  
  153  9:18  Marauder  
  155  9:25  Marauder  
  155  9:26  Terran Infantry Weapons Level 2  
  155  9:28  Marine x2  
  155  9:30  Widow Mine x2, Marauder  
  165  9:32  Liberator  
  165  9:36  Barracks  
  165  9:38  Barracks  
  165  9:39  Marauder  
  167  9:46  Marine x2  
  167  9:47  Marine x2, Marauder  
  167  9:51  Marauder  
  178  9:54  Refinery, Missile Turret  
  178  9:55  Refinery  
  178  10:05  Marauder, Marine x2  
  182  10:08  Marauder  
  182  10:12  Widow Mine x2  
  188  10:22  Command Center, Marine, Liberator x2  
  188  10:24  Marine  
  188  10:25  Terran Ship Weapons Level 1  
  188  10:27  Ghost Academy  
  188  10:28  Barracks Tech Lab x2  
  188  10:32  Marauder x2, Marine  
  170  10:37  Marauder, Marine  
  170  10:40  Marine  
  170  10:41  Widow Mine x2  
  181  10:44  Marine  
  181  10:46  Marauder  
  183  10:50  Marine  
  183  10:51  Marauder  
  183  10:54  Marauder  
  188  11:02  Concussive Shells  
  188  11:18  Terran Infantry Armor Level 2  
  188  11:25  Marine  
  188  11:28  Sensor Tower  
  188  11:33  Widow Mine x2  
  188  11:34  Marauder x3, Marine x2  
  188  11:38  Liberator x2  
  200  11:40  Marine  
  200  11:51  Marine, Marauder  
  200  11:52  Marauder  
  184  11:55  Ghost x2  
  184  11:56  Marine x2, Marauder  
  184  12:00  Marine  
  158  12:02  Widow Mine x2  
  148  12:09  Marine  
  148  12:13  Marine, Marauder  
  148  12:14  Marauder, Marine  
  153  12:17  Terran Infantry Weapons Level 3, Marauder  
  153  12:18  Marine  
  153  12:21  Liberator  
  152  12:24  Marauder x2  
  154  12:30  Widow Mine x2  
  154  12:35  Marine x2  
  154  12:36  Marauder x2  
  164  12:43  Marauder, Marine x2  
  174  12:45  Marauder  
  174  12:48  Marauder  
  176  12:53  Marine x2  
  176  12:57  Marauder  
  180  13:00  Planetary Fortress  
  180  13:01  Marauder, Marine x2  
  180  13:04  Marauder  
  180  13:05  Widow Mine x2  
  186  13:06  Marine  
  191  13:19  Marine, Ghost x2, Medivac  
  194  13:20  Marine x2  
  194  13:21  Medivac  
  195  13:35  Marauder x2, Marine  
  200  13:52  Marauder  
  200  14:01  Sensor Tower, Missile Turret  
  200  14:04  Command Center  
  200  14:29  Missile Turret x2  
  200  14:30  Missile Turret  
  198  14:39  Marauder  
  198  14:42  Marauder x2, Marine x2  
  200  14:49  Marauder x2, Marine x2  
Tags
 
Add a new tag
Caveats
  • Supply blocks, unpowered buildings, or Contaminate may cause inaccurate times.
  • Supply counts are checked every 10 seconds.